General information
- name: BNet
- type: Ladder team game (AT/RT)
- host: Battle.net
- saver: NerotendoLXIV
map: Mur'gulOasis
- players: 8
- length: 33:51
- speed: Fast
- version: 1.26 W3XP
- replay type:

» download(306 KB)
Players
team 1 (winner)
AtariusMMDC (
green | 89 APM | 3019 actions | 33:50)
5 Archmage
3 Blizzard
2 Brilliance Aura
4 Blood Mage
2 Flame Strike
2 Banish
» actions
| Assign group hotkey | 133 | |
| Basic commands | 49 | |
| Build / train | 146 | |
| ESC pressed | 7 | |
| Enter build submenu | 87 | |
| Enter hero's abilities submenu | 9 | |
| Give item / drop item | 2 | |
| Right click | 1322 | |
| Select / deselect | 584 | |
| Select group hotkey | 377 | |
| Use ability | 302 | |
3019 total
» units
| Peasant | 16 | |
| Dragonhawk Rider | 9 | |
25 total
» upgrades
| Masonry | 3 | |
| Lumber Harvesting | 2 | |
| Magic Sentry | 1 | |
| Cloud | 1 | |
| Animal War Training | 1 | |
8 total
» buildings
| Altar of Kings | 1 | |
| Farm | 7 | |
| Lumber Mill | 1 | |
| Scout Tower | 68 | |
| Arcane Tower | 3 | |
| Guard Tower | 78 | |
| Arcane Vault | 1 | |
| Keep | 1 | |
| Castle | 2 | |
| Gryphon Aviary | 1 | |
| Arcane Sanctum | 1 | |
| Barracks | 1 | |
| Town Hall | 1 | |
| Blacksmith | 1 | |
167 total
» build order
00:02 Altar of Kings
00:05 Farm
00:16 Lumber Mill
01:14 Scout Tower
01:21 Scout Tower
01:37 Farm
01:42 Scout Tower
01:49 Arcane Tower
01:49 Arcane Tower
01:49 Arcane Tower
01:55 Scout Tower
02:02 Guard Tower
02:03 Guard Tower
02:09 Guard Tower
02:18 Scout Tower
02:22 Scout Tower
02:22 Guard Tower
02:23 Guard Tower
02:49 Scout Tower
02:49 Guard Tower
02:49 Guard Tower
02:50 Guard Tower
02:52 Scout Tower
03:16 Guard Tower
03:19 Scout Tower
03:19 Guard Tower
03:19 Guard Tower
03:38 Scout Tower
03:39 Guard Tower
03:39 Guard Tower
03:39 Guard Tower
03:50 Scout Tower
03:50 Guard Tower
03:50 Guard Tower
04:24 Scout Tower
04:26 Scout Tower
04:26 Guard Tower
04:26 Guard Tower
04:27 Guard Tower
04:31 Scout Tower
04:32 Scout Tower
04:33 Scout Tower
04:34 Scout Tower
04:58 Scout Tower
05:00 Scout Tower
05:01 Guard Tower
05:02 Guard Tower
05:02 Guard Tower
05:04 Arcane Vault
05:24 Keep
05:40 Guard Tower
05:40 Guard Tower
06:05 Scout Tower
06:07 Scout Tower
06:14 Scout Tower
06:17 Guard Tower
06:17 Guard Tower
06:17 Guard Tower
06:34 Scout Tower
06:35 Guard Tower
06:39 Scout Tower
06:45 Scout Tower
07:04 Scout Tower
07:05 Guard Tower
07:05 Guard Tower
07:31 Scout Tower
07:33 Scout Tower
07:34 Guard Tower
07:43 Scout Tower
08:04 Scout Tower
08:19 Scout Tower
08:21 Scout Tower
08:24 Castle
08:24 Castle
08:50 Scout Tower
08:51 Scout Tower
08:55 Guard Tower
08:55 Guard Tower
08:55 Guard Tower
08:57 Scout Tower
09:27 Gryphon Aviary
09:49 Arcane Sanctum
09:53 Guard Tower
09:53 Guard Tower
09:53 Guard Tower
10:15 Farm
10:16 Farm
11:02 Guard Tower
11:52 Farm
12:06 Scout Tower
12:11 Scout Tower
13:03 Farm
14:13 Guard Tower
14:13 Guard Tower
14:22 Barracks
15:01 Town Hall
15:03 Scout Tower
15:04 Scout Tower
15:04 Scout Tower
15:05 Scout Tower
15:05 Scout Tower
15:06 Scout Tower
15:06 Scout Tower
15:07 Scout Tower
17:09 Farm
17:34 Blacksmith
27:56 Scout Tower
27:57 Scout Tower
27:58 Scout Tower
27:59 Scout Tower
28:00 Scout Tower
28:33 Guard Tower
28:35 Scout Tower
28:36 Scout Tower
28:36 Scout Tower
28:37 Guard Tower
28:38 Scout Tower
28:51 Scout Tower
28:51 Guard Tower
28:52 Guard Tower
28:52 Guard Tower
29:02 Scout Tower
29:05 Scout Tower
29:05 Scout Tower
29:08 Guard Tower
29:09 Guard Tower
29:12 Scout Tower
29:51 Guard Tower
29:52 Guard Tower
30:15 Scout Tower
30:28 Scout Tower
30:29 Scout Tower
30:30 Scout Tower
30:47 Scout Tower
30:47 Guard Tower
30:48 Guard Tower
31:14 Scout Tower
31:14 Scout Tower
31:15 Scout Tower
31:27 Scout Tower
31:28 Guard Tower
31:28 Guard Tower
31:58 Guard Tower
» items
| Scroll of Regeneration | 1 | |
| Staff of Sanctuary | 2 | |
| Orb of Lightning | 2 | |
| Staff of Teleportation | 1 | |
6 total
Birdeneering (
teal | 116 APM | 3916 actions | 33:50)
8 Blademaster
3 Wind Walk
3 Critical Strike
1 Bladestorm
1 Mirror Image
» actions
| Assign group hotkey | 708 | |
| Basic commands | 4 | |
| Build / train | 44 | |
| Enter build submenu | 42 | |
| Enter hero's abilities submenu | 8 | |
| Give item / drop item | 5 | |
| Right click | 2594 | |
| Select / deselect | 145 | |
| Select group hotkey | 205 | |
| Use ability | 161 | |
3916 total
» units
» upgrades
| Spiked Barricades | 2 | |
| Liquid Fire | 1 | |
| Armor | 1 | |
| Reinforced Defenses | 1 | |
5 total
» buildings
| Altar of Storms | 1 | |
| War Mill | 1 | |
| Orc Burrow | 4 | |
| Watch Tower | 26 | |
| Voodoo Lounge | 4 | |
| Stronghold | 1 | |
| Fortress | 1 | |
| Beastiary | 2 | |
40 total
» build order
00:07 Altar of Storms
00:20 War Mill
00:33 Orc Burrow
01:32 Watch Tower
01:47 Voodoo Lounge
02:18 Watch Tower
02:51 Watch Tower
03:05 Watch Tower
03:58 Watch Tower
04:27 Watch Tower
04:47 Stronghold
04:51 Watch Tower
05:14 Watch Tower
05:18 Orc Burrow
06:06 Watch Tower
06:44 Watch Tower
07:14 Watch Tower
07:59 Fortress
08:03 Beastiary
08:19 Watch Tower
09:05 Voodoo Lounge
09:06 Voodoo Lounge
09:08 Voodoo Lounge
09:15 Beastiary
10:20 Watch Tower
10:24 Orc Burrow
11:25 Watch Tower
11:26 Watch Tower
11:31 Orc Burrow
12:42 Watch Tower
14:12 Watch Tower
14:14 Watch Tower
14:16 Watch Tower
14:16 Watch Tower
14:27 Watch Tower
16:19 Watch Tower
16:19 Watch Tower
16:23 Watch Tower
16:24 Watch Tower
18:36 Watch Tower
» items
| Healing Salve | 3 | |
| Lesser Clarity Potion | 4 | |
| Boots of Speed | 1 | |
| Staff of Teleportation | 1 | |
| Orb of Lightning | 1 | |
| Circlet of Nobility | 1 | |
11 total
GaivsXboxivs360 (
pink | 99 APM | 3344 actions | 33:50)
7 Warden
3 Shadow Strike
3 Blink
1 Spirit of Vengeance
» actions
| Assign group hotkey | 3 | |
| Basic commands | 10 | |
| Build / train | 49 | |
| ESC pressed | 2 | |
| Enter build submenu | 18 | |
| Enter hero's abilities submenu | 7 | |
| Give item / drop item | 3 | |
| Right click | 2327 | |
| Select / deselect | 133 | |
| Select group hotkey | 351 | |
| Use ability | 441 | |
3344 total
» units
» upgrades
| Ultravision | 1 | |
| Well Spring | 1 | |
| Nature's Blessing | 1 | |
| Strength of the Wild | 1 | |
| Reinforced Hides | 1 | |
5 total
» buildings
| Altar of Elders | 1 | |
| Moon Well | 12 | |
| Tree of Ages | 1 | |
| Tree of Eternity | 1 | |
| Hunter's Hall | 1 | |
| Ancient of Wonders | 1 | |
| Ancient of Wind | 1 | |
| Tree of Life | 2 | |
20 total
» build order
00:06 Altar of Elders
00:10 Moon Well
01:16 Moon Well
02:17 Moon Well
02:26 Moon Well
04:25 Moon Well
05:08 Tree of Ages
05:10 Moon Well
07:56 Tree of Eternity
08:07 Hunter's Hall
08:09 Ancient of Wonders
08:12 Ancient of Wind
11:18 Moon Well
11:18 Moon Well
11:33 Tree of Life
20:44 Moon Well
20:44 Moon Well
20:58 Moon Well
21:57 Moon Well
29:25 Tree of Life
» items
| Dust of Appearance | 1 | |
| Staff of Teleportation | 1 | |
| Boots of Speed | 1 | |
| Healing Salve | 2 | |
| Lesser Clarity Potion | 4 | |
| Orb of Venom | 1 | |
10 total
NerotendoLXIV (
blue | 91 APM | 3094 actions | 33:51)
5 Archmage
3 Blizzard
2 Brilliance Aura
5 Mountain King
3 Storm Bolt
2 Bash
5 Paladin
3 Holy Light
2 Divine Shield
» actions
| Assign group hotkey | 12 | |
| Basic commands | 10 | |
| Build / train | 113 | |
| Enter build submenu | 66 | |
| Enter hero's abilities submenu | 18 | |
| Give item / drop item | 8 | |
| Remove unit from queue | 1 | |
| Right click | 1837 | |
| Select / deselect | 463 | |
| Select group hotkey | 276 | |
| Use ability | 288 | |
3094 total
» units
| Peasant | 12 | |
| Sorceress | 1 | |
| Priest | 1 | |
14 total
» upgrades
| Masonry | 4 | |
| Lumber Harvesting | 0 | |
| Magic Sentry | 1 | |
| Sorceress Training | 1 | |
| Priest Training | 1 | |
| Animal War Training | 1 | |
| Swords | 2 | |
| Armor | 2 | |
12 total
» buildings
| Altar of Kings | 1 | |
| Farm | 5 | |
| Lumber Mill | 1 | |
| Scout Tower | 127 | |
| Arcane Tower | 11 | |
| Guard Tower | 31 | |
| Keep | 1 | |
| Castle | 1 | |
| Arcane Sanctum | 1 | |
| Arcane Vault | 1 | |
| Gryphon Aviary | 1 | |
| Blacksmith | 1 | |
| Barracks | 1 | |
183 total
» build order
00:07 Altar of Kings
00:20 Farm
00:36 Lumber Mill
00:52 Farm
01:35 Scout Tower
01:40 Scout Tower
01:57 Scout Tower
02:03 Arcane Tower
02:17 Guard Tower
02:17 Guard Tower
02:18 Guard Tower
02:21 Scout Tower
02:34 Guard Tower
02:38 Scout Tower
03:10 Guard Tower
03:13 Scout Tower
03:15 Scout Tower
03:15 Scout Tower
03:54 Keep
04:25 Guard Tower
04:26 Scout Tower
04:30 Scout Tower
05:24 Guard Tower
05:24 Guard Tower
05:25 Guard Tower
05:26 Scout Tower
05:28 Scout Tower
05:30 Scout Tower
05:31 Scout Tower
05:56 Guard Tower
05:57 Scout Tower
05:58 Scout Tower
06:21 Arcane Tower
06:29 Farm
07:25 Guard Tower
07:26 Scout Tower
07:27 Scout Tower
07:29 Scout Tower
07:30 Scout Tower
07:36 Castle
08:23 Guard Tower
08:26 Scout Tower
08:27 Scout Tower
08:29 Scout Tower
08:30 Scout Tower
08:32 Scout Tower
08:36 Farm
09:08 Guard Tower
09:11 Arcane Sanctum
09:35 Guard Tower
09:40 Scout Tower
09:40 Scout Tower
09:41 Scout Tower
09:44 Scout Tower
09:44 Scout Tower
10:42 Arcane Vault
10:51 Guard Tower
13:06 Guard Tower
13:09 Scout Tower
13:10 Scout Tower
13:12 Scout Tower
13:14 Scout Tower
13:18 Gryphon Aviary
13:21 Blacksmith
13:22 Barracks
14:11 Guard Tower
16:13 Guard Tower
16:16 Scout Tower
16:31 Scout Tower
16:32 Scout Tower
16:33 Scout Tower
16:34 Scout Tower
16:40 Scout Tower
16:55 Guard Tower
17:00 Scout Tower
17:02 Scout Tower
17:03 Scout Tower
17:09 Scout Tower
17:10 Scout Tower
17:11 Scout Tower
17:12 Scout Tower
17:13 Arcane Tower
17:15 Arcane Tower
17:15 Guard Tower
17:40 Guard Tower
17:43 Scout Tower
17:44 Scout Tower
17:45 Scout Tower
17:47 Scout Tower
17:48 Scout Tower
18:18 Scout Tower
18:19 Scout Tower
18:19 Scout Tower
18:20 Scout Tower
18:20 Scout Tower
18:21 Scout Tower
18:21 Scout Tower
18:22 Scout Tower
18:22 Scout Tower
18:49 Farm
18:55 Guard Tower
19:02 Scout Tower
19:04 Scout Tower
19:06 Scout Tower
19:07 Scout Tower
19:35 Scout Tower
19:36 Scout Tower
19:37 Scout Tower
19:37 Scout Tower
19:38 Scout Tower
19:38 Scout Tower
19:39 Scout Tower
19:40 Scout Tower
19:49 Scout Tower
19:50 Scout Tower
19:50 Scout Tower
19:50 Scout Tower
19:51 Scout Tower
20:30 Guard Tower
23:14 Scout Tower
23:15 Scout Tower
23:16 Scout Tower
23:16 Scout Tower
23:17 Scout Tower
23:19 Guard Tower
23:21 Arcane Tower
26:30 Scout Tower
26:32 Scout Tower
26:32 Scout Tower
26:33 Scout Tower
26:34 Scout Tower
26:34 Scout Tower
26:35 Scout Tower
26:35 Scout Tower
26:36 Scout Tower
26:36 Scout Tower
26:37 Scout Tower
28:14 Scout Tower
28:15 Scout Tower
28:16 Scout Tower
28:16 Scout Tower
28:17 Scout Tower
28:18 Scout Tower
28:50 Guard Tower
28:56 Scout Tower
28:59 Scout Tower
28:59 Scout Tower
29:00 Scout Tower
29:00 Scout Tower
29:01 Scout Tower
29:01 Scout Tower
29:02 Scout Tower
29:52 Guard Tower
32:08 Arcane Tower
32:09 Arcane Tower
32:17 Scout Tower
32:18 Scout Tower
32:22 Scout Tower
32:23 Scout Tower
32:47 Arcane Tower
32:48 Guard Tower
33:00 Scout Tower
33:01 Scout Tower
33:04 Arcane Tower
33:16 Guard Tower
33:16 Guard Tower
33:32 Guard Tower
33:35 Scout Tower
33:35 Scout Tower
33:36 Scout Tower
33:36 Scout Tower
33:37 Scout Tower
33:37 Scout Tower
33:46 Scout Tower
33:47 Scout Tower
33:47 Scout Tower
33:49 Scout Tower
33:49 Scout Tower
33:50 Scout Tower
33:50 Scout Tower
» items
| Healing Salve | 4 | |
| Lesser Clarity Potion | 3 | |
| Boots of Speed | 2 | |
| Staff of Teleportation | 3 | |
| Potion of Lesser Invulnerability | 1 | |
| Orb of Lightning | 2 | |
| Staff of Sanctuary | 2 | |
17 total
team 2 (loser)
Aku.Ankka313 (
purple | 48 APM | 1599 actions | 33:39)
4 Archmage
2 Summon Water Elemental
2 Brilliance Aura
2 Mountain King
1 Storm Bolt
1 Bash
» actions
| Assign group hotkey | 2 | |
| Build / train | 70 | |
| Enter build submenu | 37 | |
| Enter hero's abilities submenu | 6 | |
| Give item / drop item | 2 | |
| Remove unit from queue | 3 | |
| Right click | 895 | |
| Select / deselect | 460 | |
| Select group hotkey | 27 | |
| Use ability | 97 | |
1599 total
» units
| Peasant | 29 | |
| Footman | 8 | |
| Rifleman | 7 | |
| Spell Breaker | 2 | |
| Sorceress | 1 | |
| Priest | 1 | |
48 total
» upgrades
| Defend | 1 | |
| Gunpowder | 2 | |
| Armor | 2 | |
| Magic Sentry | 1 | |
6 total
» buildings
| Altar of Kings | 1 | |
| Farm | 9 | |
| Barracks | 1 | |
| Scout Tower | 9 | |
| Arcane Vault | 1 | |
| Arcane Tower | 1 | |
| Keep | 1 | |
| Lumber Mill | 1 | |
| Blacksmith | 1 | |
| Arcane Sanctum | 2 | |
| Town Hall | 3 | |
| Guard Tower | 3 | |
| Workshop | 3 | |
| Gryphon Aviary | 3 | |
39 total
» build order
00:04 Altar of Kings
00:05 Farm
00:38 Barracks
01:00 Farm
01:36 Farm
01:39 Scout Tower
02:16 Arcane Vault
02:39 Arcane Tower
03:38 Keep
04:00 Farm
04:06 Lumber Mill
05:38 Blacksmith
06:58 Farm
07:01 Farm
08:20 Arcane Sanctum
08:22 Arcane Sanctum
08:57 Farm
11:21 Farm
11:22 Farm
13:28 Town Hall
13:35 Town Hall
18:07 Town Hall
21:52 Scout Tower
21:54 Scout Tower
22:39 Guard Tower
22:49 Scout Tower
22:51 Scout Tower
22:53 Scout Tower
23:24 Guard Tower
25:58 Scout Tower
26:00 Scout Tower
26:02 Scout Tower
28:54 Guard Tower
29:02 Workshop
29:04 Workshop
29:06 Workshop
33:09 Gryphon Aviary
33:11 Gryphon Aviary
33:15 Gryphon Aviary
» items
| Scroll of Regeneration | 2 | |
| Potion of Healing | 1 | |
3 total
cros2 (
red | 49 APM | 1646 actions | 33:35)
3 Demon Hunter
2 Mana Burn
1 Evasion
» actions
| Assign group hotkey | 21 | |
| Build / train | 78 | |
| Enter build submenu | 23 | |
| Enter hero's abilities submenu | 3 | |
| Give item / drop item | 1 | |
| Remove unit from queue | 3 | |
| Right click | 952 | |
| Select / deselect | 405 | |
| Select group hotkey | 50 | |
| Use ability | 109 | |
1646 total
» units
| Wisp | 28 | |
| Archer | 12 | |
| Huntress | 5 | |
| Druid of the Claw | 5 | |
| Glaive Thrower | 7 | |
57 total
» upgrades
| Druid of the Claw Training | 2 | |
| Upgrade Moon Glaive | 1 | |
| Reinforced Hides | 2 | |
| Mark of the Claw | 1 | |
| Strength of the Moon | 1 | |
7 total
» buildings
| Moon Well | 7 | |
| Altar of Elders | 1 | |
| Ancient of War | 1 | |
| Tree of Ages | 1 | |
| Hunter's Hall | 1 | |
| Ancient of Wonders | 2 | |
| Tree of Eternity | 1 | |
| Ancient of Lore | 2 | |
| Tree of Life | 1 | |
| Ancient Protector | 6 | |
23 total
» build order
00:21 Moon Well
00:33 Altar of Elders
00:47 Ancient of War
01:37 Moon Well
03:02 Tree of Ages
03:13 Moon Well
04:58 Hunter's Hall
05:21 Ancient of Wonders
07:58 Tree of Eternity
08:01 Ancient of Lore
08:06 Ancient of Lore
09:30 Moon Well
09:33 Moon Well
12:35 Moon Well
13:39 Tree of Life
13:48 Moon Well
14:12 Ancient of Wonders
15:05 Ancient Protector
16:47 Ancient Protector
16:51 Ancient Protector
17:01 Ancient Protector
23:58 Ancient Protector
24:42 Ancient Protector
» items
| Dust of Appearance | 2 | |
| Boots of Speed | 1 | |
| Periapt of Vitality | 1 | |
| Orb of Venom | 1 | |
5 total
MilesTails (
orange | 57 APM | 1920 actions | 33:49)
2 Archmage
1 Summon Water Elemental
1 Brilliance Aura
2 Pandaren Brewmaster
1 Drunken Haze
1 Breath of Fire
1 Mountain King
1 Storm Bolt
» actions
| Assign group hotkey | 28 | |
| Build / train | 108 | |
| Enter build submenu | 36 | |
| Enter hero's abilities submenu | 5 | |
| Remove unit from queue | 2 | |
| Right click | 1015 | |
| Select / deselect | 468 | |
| Select group hotkey | 157 | |
| Use ability | 101 | |
1920 total
» units
| Peasant | 14 | |
| Footman | 6 | |
| Rifleman | 13 | |
| Sorceress | 2 | |
| Siege Engine | 6 | |
41 total
» upgrades
| Gunpowder | 2 | |
| Masonry | 3 | |
| Barrage | 1 | |
| Magic Sentry | 1 | |
7 total
» buildings
| Farm | 10 | |
| Altar of Kings | 1 | |
| Barracks | 2 | |
| Keep | 3 | |
| Blacksmith | 1 | |
| Lumber Mill | 1 | |
| Scout Tower | 35 | |
| Arcane Vault | 1 | |
| Arcane Tower | 2 | |
| Arcane Sanctum | 2 | |
| Workshop | 2 | |
| Guard Tower | 31 | |
| Castle | 2 | |
93 total
» build order
00:12 Farm
00:13 Altar of Kings
00:21 Barracks
01:05 Farm
01:54 Farm
03:05 Farm
03:51 Keep
03:51 Keep
03:52 Barracks
05:30 Blacksmith
05:32 Lumber Mill
05:46 Scout Tower
05:56 Farm
06:37 Arcane Vault
06:39 Arcane Tower
06:50 Farm
08:07 Arcane Sanctum
09:14 Arcane Sanctum
09:19 Workshop
12:18 Scout Tower
12:19 Scout Tower
12:19 Scout Tower
12:21 Scout Tower
12:26 Scout Tower
12:28 Scout Tower
12:29 Scout Tower
12:30 Scout Tower
12:32 Scout Tower
12:35 Scout Tower
13:37 Guard Tower
13:38 Guard Tower
13:42 Guard Tower
13:43 Guard Tower
13:46 Guard Tower
13:53 Guard Tower
14:01 Castle
14:27 Guard Tower
15:03 Scout Tower
15:03 Scout Tower
15:03 Scout Tower
15:04 Scout Tower
15:06 Scout Tower
15:08 Scout Tower
15:09 Scout Tower
15:10 Scout Tower
15:12 Scout Tower
15:12 Scout Tower
15:12 Scout Tower
15:13 Scout Tower
15:15 Scout Tower
15:15 Scout Tower
15:38 Scout Tower
15:39 Scout Tower
15:39 Scout Tower
15:39 Scout Tower
15:40 Scout Tower
15:41 Scout Tower
17:02 Guard Tower
17:15 Guard Tower
17:16 Guard Tower
17:17 Guard Tower
17:19 Scout Tower
17:21 Scout Tower
17:23 Scout Tower
17:47 Guard Tower
17:47 Guard Tower
17:52 Scout Tower
18:04 Guard Tower
18:18 Guard Tower
18:18 Guard Tower
18:28 Guard Tower
18:28 Guard Tower
19:02 Farm
19:03 Farm
19:04 Farm
19:05 Farm
20:22 Guard Tower
20:22 Guard Tower
21:54 Guard Tower
21:54 Guard Tower
24:51 Workshop

»
mirre (
yellow | 47 APM | 1566 actions | 33:31)
4 Archmage
2 Summon Water Elemental
2 Brilliance Aura
3 Paladin
2 Holy Light
1 Divine Shield
3 Goblin Tinker
2 Cluster Rockets
1 Engineering Upgrade
» actions
| Assign group hotkey | 61 | |
| Basic commands | 1 | |
| Build / train | 114 | |
| Enter build submenu | 36 | |
| Enter hero's abilities submenu | 10 | |
| Give item / drop item | 2 | |
| Right click | 799 | |
| Select / deselect | 331 | |
| Select group hotkey | 61 | |
| Use ability | 151 | |
1566 total
» units
| Peasant | 19 | |
| Footman | 7 | |
| Rifleman | 1 | |
| Gryphon Rider | 3 | |
| Dragonhawk Rider | 6 | |
| Mortar Team | 5 | |
| Knight | 2 | |
43 total
» upgrades
| Lumber Harvesting | 2 | |
| Swords | 2 | |
| Plating | 1 | |
| Storm Hammers | 1 | |
| Cloud | 1 | |
| Masonry | 1 | |
8 total
» buildings
| Altar of Kings | 1 | |
| Farm | 17 | |
| Barracks | 1 | |
| Scout Tower | 20 | |
| Arcane Vault | 1 | |
| Arcane Tower | 7 | |
| Keep | 2 | |
| Lumber Mill | 1 | |
| Blacksmith | 1 | |
| Gryphon Aviary | 2 | |
| Castle | 3 | |
| Town Hall | 1 | |
| Guard Tower | 19 | |
| Workshop | 1 | |
77 total
» build order
00:13 Altar of Kings
00:16 Farm
00:33 Barracks
00:43 Farm
01:43 Scout Tower
01:48 Scout Tower
02:06 Arcane Vault
02:25 Farm
02:29 Arcane Tower
02:29 Arcane Tower
02:37 Farm
03:43 Keep
03:44 Keep
04:12 Farm
04:16 Lumber Mill
05:21 Blacksmith
06:15 Gryphon Aviary
06:17 Gryphon Aviary
06:58 Castle
06:58 Castle
07:04 Farm
07:05 Farm
10:18 Town Hall
11:21 Scout Tower
11:22 Scout Tower
11:23 Scout Tower
11:24 Scout Tower
11:25 Scout Tower
11:26 Scout Tower
12:44 Scout Tower
12:46 Scout Tower
12:47 Scout Tower
12:48 Scout Tower
12:59 Guard Tower
12:59 Guard Tower
13:05 Farm
13:07 Farm
13:07 Farm
13:07 Farm
13:08 Farm
13:15 Farm
13:16 Farm
13:16 Farm
13:56 Guard Tower
13:56 Guard Tower
13:57 Guard Tower
13:59 Guard Tower
13:59 Guard Tower
14:18 Arcane Tower
14:54 Guard Tower
15:04 Guard Tower
16:12 Farm
16:14 Farm
16:23 Scout Tower
16:25 Scout Tower
16:26 Scout Tower
16:33 Scout Tower
16:34 Scout Tower
16:35 Scout Tower
16:36 Scout Tower
18:09 Guard Tower
18:10 Guard Tower
18:14 Guard Tower
18:14 Guard Tower
19:19 Scout Tower
20:55 Arcane Tower
20:55 Arcane Tower
21:10 Guard Tower
21:10 Guard Tower
23:05 Workshop
» items
| Lesser Clarity Potion | 1 | |
| Scroll of Town Portal | 2 | |
3 total
Chat log
(00:07 / All) MilesTails: MOPED
(01:59 / All) Birdeneering: hey boys
(02:04 / All) MilesTails: HEY BIEBER
(02:10 / All) Birdeneering: ??? what???
(02:16 / All) MilesTails: BABY BABY
(02:29 / All) Birdeneering: hey wait!
(02:31 / All) GaivsXboxivs360: but its ont a pizza?? its a hot dog
(02:34 / All) GaivsXboxivs360: me and pizzaman/hotdogman gonna have somne words hold on
(02:35 / All) MilesTails: Pizza baloneze
(02:42 / All) Birdeneering: hi orange
(02:43 / All) Birdeneering: Orange u noob?
(03:08 / All) Birdeneering: WOWW orange
(03:19 / All) MilesTails: WOW HAVE YOU EVER TASTE ONE?
(04:41 / All) MilesTails: LOL
(04:46 / All) cros2: noov
(05:00 / All) Birdeneering: thanks for the experience
(05:01 / All) Birdeneering: Noob red LOL
(13:46 / All) Birdeneering: thx yellow
(13:58 / All) Birdeneering: another free kill
(26:06 / All) Birdeneering: nice rockets
(26:09 / All) Birdeneering: swing... and a miss
(27:01 / All) mirre: nice rockets
(27:16 / All) Birdeneering: It's a slaughter
(27:18 / All) Birdeneering: no units
(27:24 / All) Birdeneering: yet a complete rout
(30:21 / All) Birdeneering: thx for bears
(30:37 / All) Birdeneering: tenn died
(30:50 / All) Aku.Ankka313: lol u think u pro
(30:56 / All) NerotendoLXIV: no.....i kno....
(31:34 / All) Birdeneering: lol we so pro
(31:39 / All) Birdeneering: own u with no units
(31:54 / All) mirre: 12 heros
(31:59 / All) mirre: no units
(32:09 / All) Birdeneering: so easy
(32:10 / All) Birdeneering: Lol
(32:14 / All) AtariusMMDC: how we own U with no units?? DAMN we are good
(32:39 / All) cros2: you are gay with absolubly no balls
(32:51 / All) NerotendoLXIV: how do u know im gay
(32:52 / All) AtariusMMDC: absooooooooooooolubly
(32:53 / All) NerotendoLXIV: if i have no balls
(32:56 / All) AtariusMMDC: -the tank from starcraft 1: brood ware
(33:04 / All) cros2: your mother told me
(33:40 / All) NerotendoLXIV: http://highper.ch/